 Dungeon Crawl Stone Soup version 0.31-a0-325-g067879e3d3 (webtiles) character file.

Game seed: 11305930235768743884

4063 LeprechaunX the Grappler (level 10, 0/68 HPs)
             Began as an Octopode Shapeshifter on July 18, 2023.
             Was a Follower of Cheibriados.
             Slain by a gnoll
             ... wielding a +0 halberd
             ... led by a gnoll sergeant
              (12 damage)
             ... on level 8 of the Dungeon.
             The game lasted 00:14:17 (8465 turns).

LeprechaunX the Grappler (Octopode Shapeshifter)    Turns: 8465, Time: 00:14:17

Health: 0/68       AC:  1    Str: 28    XL:     10   Next: 25%
Magic:  10/10      EV: 14    Int: 19    God:    Cheibriados [*.....]
Gold:   362        SH:  0    Dex: 16    Spells: 9/9 levels left

rFire   + .          .
                       - Unarmed
rCold   . . .        (no shield)
rNeg    . . .        (helmet currently unavailable)
rPois   .            (no amulet)
rElec   .            f - ring of protection from fire
rCorr   .            e - ring of wizardry
SInv    .            E - +6 ring of intelligence
Will    +....        I - ring of willpower
Stlth   ++           M - +6 ring of strength
HPRegen 0.31/turn    (no ring)
MPRegen 0.12/turn    (no ring)
                     (no ring)

%: wizardry (x1)
@: beast-form, studying Throwing, very slow
A: beast (slay +5), almost no armour, amphibious, 8 rings, camouflage 1,
gelatinous body 1, (nimble swimmer 1), tentacles
a: Begin Untransformation, Renounce Religion, Bend Time


You were on level 8 of the Dungeon.
You worshipped Cheibriados.
Cheibriados was aware of your devotion.
You were a hulking beast.
You visited 1 branch of the dungeon, and saw 8 of its levels.
You also visited: Sewer and Ossuary.

You collected 362 gold pieces.

Inventory:

Hand Weapons
 L - a +0 arbalest
Missiles
 c - a throwing net
 o - 2 atropa-tipped darts
Jewellery
 e - a ring of wizardry (right tentacle)
 f - a ring of protection from fire (left tentacle)
 n - a ring of ice
 E - a +6 ring of intelligence (on tentacle)
 I - a ring of willpower (on tentacle)
 M - a +6 ring of strength (on tentacle)
Talismans
 b - a beast talisman
 G - a blade talisman
Wands
 k - a wand of charming (19)
 r - a wand of mindburst (7)
 J - a wand of iceblast (14)
Scrolls
 g - 2 scrolls of fog {unknown}
 h - a scroll of identify
 j - a scroll of enchant armour {unknown}
 v - a scroll of immolation {unknown}
 x - a scroll of teleportation {unknown}
 y - 3 scrolls of enchant weapon {unknown}
 z - a scroll of revelation {unknown}
 C - a scroll of acquirement {unknown}
 D - a scroll of poison {unknown}
 F - a scroll of fear {unknown}
 K - a scroll of noise {unknown}
 N - 2 scrolls of amnesia {unknown}
 O - a scroll of brand weapon {unknown}
Potions
 a - 7 potions of lignification
 d - 2 potions of curing
 i - a potion of mutation {unknown}
 l - 3 potions of invisibility
 m - 2 potions of heal wounds {unknown}
 p - 3 potions of resistance
 s - 2 potions of might {unknown}
 t - a potion of attraction {unknown}
 u - a potion of berserk rage {unknown}
 w - a potion of magic {unknown}
 A - 2 potions of haste {unknown}
 B - a potion of cancellation {unknown}
 H - a potion of degeneration {unknown}


   Skills:
 + Level 6.2 Fighting
 + Level 3.8 Throwing
 - Level 4.0 Dodging
 * Level 9.0 Unarmed Combat
 - Level 1.6 Evocations
 * Level 7.9 Shapeshifting


You had 9 spell levels left.
You didn't know any spells.
Your spell library contained the following spells:

 Spells                   Type           Power      Damage    Failure   Level
 Kiss of Death            Conj/Necr      0%         2d5       9%          1
 Magic Dart               Conj           0%         1d3       9%          1
 Blink                    Tloc           0%         N/A       12%         2
 Ensorcelled Hibernation  Hex/Ice        0%         N/A       12%         2
 Searing Ray              Conj           0%         2d4       12%         2
 Volatile Blastmotes      Fire/Tloc      0%         2d10      24%         3
 Anguish                  Hex/Necr       0%         N/A       58%         4
 Fulminant Prism          Conj/Hex       0%         3d5       58%         4
 Iskenderun's Mystic Bla  Conj/Tloc      0%         2d3       58%         4
 Manifold Assault         Tloc           0%         N/A       58%         4


Dungeon Overview and Level Annotations

Branches:
Dungeon (8/15)             Temple (0/1) D:6           Sewer (visited)
Ossuary (visited)
   Lair: D:8-11

Altars:
Ashenzari
Cheibriados
Kikubaaqudgha
Sif Muna
Vehumet
Wu Jian
Xom

Shops:
D:6 =

Annotations:
D:6 1 runed translucent door, Crazy Yiuf


Innate Abilities, Weirdness & Mutations

You are a hulking beast.
Your limbs bulge with bestial killing power. (Slay +5)
You cannot wear most types of armour.
You are amphibious.
You can wear up to eight rings at the same time.
Your skin changes colour to match your surroundings (Stealth+).
Your rubbery body absorbs attacks. (AC +1, EV +1)
((You are camouflaged when in or above water. (Stealth+)))
You have tentacles for arms and can constrict up to eight enemies at once.


Message History

The gnoll sergeant hits you with a +1 trident of venom!
You are lethally poisoned!
You tentacle-slap the gnoll sergeant.
You kill the gnoll sergeant!
Cheibriados appreciates the change of pace.
Cheibriados raises the support of your attributes as your movement slows.
You feel very sick.
Your Unarmed Combat skill increases to level 9!
Unknown command.
Throw: 2 javelins
Press: ? - help, Q - select action, (/) - cycle Shift-Dir - straight line, f - gnoll
Aim: a gnoll, wielding a +0 spear (71% to hit)
You throw a javelin. The javelin pierces through the gnoll!!
You kill the gnoll!
Cheibriados appreciates the change of pace.
The javelin barely misses the gnoll.
The javelin completely misses the gnoll.
You feel extremely sick.
Throw: javelin
Press: ? - help, Q - select action, (/) - cycle Shift-Dir - straight line, f - gnoll
Aim: a gnoll, wielding a +0 whip of pain (70% to hit)
You throw a javelin. The javelin pierces through the gnoll!
You kill the gnoll!
Cheibriados thoroughly appreciates the change of pace.
The javelin pierces through the gnoll.
The gnoll is lightly wounded.
* * * LOW HITPOINT WARNING * * *
You feel very sick.
* * * LOW HITPOINT WARNING * * *
You feel very sick.
An orc comes into view. It is wielding a +0 mace.
The gnoll closely misses you.
The gnoll hits you from afar with a +0 halberd!
* * * LOW HITPOINT WARNING * * *
The orc moves out of view.
Things that are here:
a +1 trident of venom; a +0 ring mail; a gnoll corpse You feel better.
The gnoll hits you from afar with a +0 halberd!
You die...

.#...#. ..... #...#
... #)# #.# #.# #)#
#h# #)# ######### #g#
#.......# #.#
#.#####.######(#
#.#####.##...#.#####.
#.#........#..(.......
#.......##...........g
###.#########......g..


You could see a gnoll.

Vanquished Creatures
  3 yaks (D:8)
  Duvessa (D:6)
  2 orc warriors (D:7)
  2 ice beasts (D:7)
  A sky beast (D:7)
  3 ogres
  A centaur (D:6)
  A phantom (D:6)
  4 kobold brigands
  An elf zombie (Ossuary)
  2 bullfrogs
  A gnoll sergeant (D:8)
  A scorpion (D:5)
  12 wights
  Dowan (D:6)
  4 howler monkeys (D:7)
  A centaur zombie (Ossuary)
  2 jellies
  A human zombie (Ossuary)
  A gnoll bouda (D:5)
  6 hounds
  7 iguanas
  2 sleepcaps
  Ijyb (D:3)
  Terence (D:2)
  6 orc wizards
  Natasha (thrice) (D:2)
  2 mummies (Ossuary)
  7 adders
  8 gnolls
  A river rat (Sewer)
  4 white imps
  4 adder zombies (Ossuary)
  4 worms
  2 dart slugs
  17 orcs
  7 bats
  9 endoplasms
  3 giant cockroaches
  13 hobgoblins
  9 jackals
  5 quokkas
  13 ball pythons
  5 frilled lizards
  8 goblins
  A goblin zombie (Ossuary)
  10 hobgoblin zombies (Ossuary)
  3 jackal zombies (Ossuary)
  18 kobolds
  8 kobold zombies (Ossuary)
  7 orc zombies (Ossuary)
  7 rats
  A rat zombie (Ossuary)
247 creatures vanquished.

Notes
Turn   | Place    | Note
-------+----------+-------------------------------------------
     0 | D:1      | LeprechaunX the Octopode Shapeshifter began the quest for
                  | the Orb.
     0 | D:1      | Reached XP level 1. HP: 14/14 MP: 1/1
    58 | D:1      | Reached XP level 2. HP: 19/19 MP: 2/2
   105 | D:1      | Reached XP level 3. HP: 18/24 MP: 3/3
   667 | D:2      | Noticed Terence
   678 | D:2      | Killed Terence
   679 | D:2      | Reached skill level 3 in Unarmed Combat
   679 | D:2      | Reached XP level 4. HP: 10/30 MP: 4/4
  1098 | D:2      | Noticed Natasha
  1105 | D:2      | Killed Natasha
  1106 | D:2      | Reached XP level 5. HP: 28/35 MP: 5/5
  1328 | D:2      | Noticed Natasha
  1337 | D:2      | Killed Natasha
  1381 | D:2      | Noticed Natasha
  1385 | D:2      | Killed Natasha
  1488 | D:3      | Found a faded altar of an unknown god.
  1687 | D:3      | Noticed Ijyb
  1714 | D:3      | Killed Ijyb
  1875 | D:3      | Reached XP level 6. HP: 42/42 MP: 6/6
  2057 | D:3      | Found a broken altar of Ashenzari.
  2136 | D:3      | Found a shimmering altar of Xom.
  2712 | D:4      | Reached skill level 4 in Unarmed Combat
  3117 | D:4      | Found a radiant altar of Vehumet.
  3128 | D:4      | Found an ancient bone altar of Kikubaaqudgha.
  3140 | D:4      | Got Kikubaaqudgha's Spellbook of Dark Ceremonies
  3196 | D:4      | Found a shimmering blue altar of Sif Muna.
  3200 | D:4      | Reached XP level 7. HP: 46/46 MP: 7/7
  3892 | D:5      | Entered Level 5 of the Dungeon
  3979 | D:5      | Reached skill level 5 in Unarmed Combat
  4121 | D:5      | Reached skill level 5 in Shapeshifting
  4215 | D:5      | Found an ornate altar of the Wu Jian Council.
  4258 | D:5      | Reached XP level 8. HP: 49/54 MP: 8/8
  4554 | D:5      | HP: 2/54 [gnoll/+0 spear[a gnoll bouda] (9)]
  4978 | D:5      | Reached skill level 6 in Unarmed Combat
  5048 | D:6      | Found a staircase to the Ecumenical Temple.
  5049 | D:6      | Noticed Duvessa
  5049 | D:6      | Noticed Dowan
  5061 | D:6      | Killed Duvessa
  5067 | D:6      | Killed Dowan
  5080 | D:6      | Found a sand-covered staircase.
  5086 | Ossuary  | Entered an ossuary
  5397 | D:6      | Found a glowing drain.
  5409 | Sewer    | Entered a sewer
  5610 | Sewer    | Reached XP level 9. HP: 56/60 MP: 9/9
  5633 | Sewer    | Reached skill level 5 in Fighting
  5633 | Sewer    | Reached skill level 7 in Unarmed Combat
  5991 | D:6      | Found Ykkoecun's Jewellery Shop.
  6019 | D:6      | Found a runed translucent door.
  6020 | D:6      | Noticed Crazy Yiuf
  6074 | D:6      | Found a snail-covered altar of Cheibriados.
  6174 | D:6      | Reached skill level 1 in Evocations
  6438 | D:6      | You fall into a shaft and drop 2 floors!
  7083 | D:6      | Became a worshipper of Cheibriados the Contemplative
  7290 | D:7      | Reached skill level 8 in Unarmed Combat
  7297 | D:7      | Reached skill level 1 in Throwing
  8053 | D:7      | Reached * piety under Cheibriados
  8068 | D:7      | Reached XP level 10. HP: 68/68 MP: 10/10
  8462 | D:8      | Reached skill level 9 in Unarmed Combat
  8465 | D:8      | Slain by a gnoll

Illustrated notes

Levels and vault maps discovered:
D:1:      lightli_arrival_flooded_house, layout_rooms,
          hangedman_abyss_or_decor_stabs
D:2:      minmay_skewed_foursquare, layout_basic, uniq_natasha, uniq_terence
D:3:      minmay_inner_zag, layout_basic, cheibrodos_ashenzari_chains,
          mainiacjoe_overflow_24_doors, shapermc_ecumenical_altar_venn,
          uniq_ijyb
D:4:      layout_layer_cave, palyth_temple_overflow_mages
D:5:      layout_loops_ring, mainiacjoe_overflow_six_doors_small
D:6:      layout_rooms, mainiacjoe_overflow_alcove_1,
          minmay_temple_entry_junction, cheibrodos_sewer_entry_drain,
          serial_shops, shop, lightli_ossuary_entry_decrepit_ruins,
          nicolae_concentric_dashed_squares_wild, minmay_manual_macuahuitl,
          uniq_duvessa, uniq_crazy_yiuf_cottage
D:7:      layout_basic
D:8:      layout_loops_corners, lair_entry_dummy, uniq_pikel, uniq_erica

Skill      XL: |  1  2  3  4  5  6  7  8  9 10 |
---------------+-------------------------------+-----
Unarmed Combat | 3 4 5 6 8 9 |  9.0
Shapeshifting  | 4 5 6 7 |  7.9
Fighting       | 3 4 5 6 |  6.2
Dodging        | 3 4 |  4.0
Evocations     | 1 |  1.6
Throwing       | 2 3 |  3.8

Action                     |  1- 3 |  4- 6 |  7- 9 | 10-12 || total
---------------------------+-------+-------+-------+-------++-------
  Melee: Unarmed           |    59 |   124 |   281 |    29 ||   493
         Constrict         |    13 |    27 |    69 |     5 ||   114
         Tentacles         |    13 |    23 |    59 |     8 ||   103
         Punch             |     1 |     3 |    13 |     5 ||    22
  Throw: Javelin           |       |       |     6 |     5 ||    11
    Use: Scroll            |       |       |       |     3 ||     3
         Potion            |       |       |       |     1 ||     1
   Stab: Sleeping          |     7 |    12 |    15 |       ||    34
         Distracted        |       |       |     1 |       ||     1
 Armour: Skin              |     4 |     4 |    12 |       ||    20
  Dodge: Dodged            |    30 |    67 |   125 |    11 ||   233

Table legend: (Time is in decaauts)
 A = Elapsed time spent in this place.
 B = Non-inter-level travel time spent in this place.
 C = Inter-level travel time spent in this place.
 D = Time resting spent in this place.
 E = Time spent auto-exploring this place.
 F = Levels seen in this place.
 G = Mean time per level.
                   A        B        C        D        E       F      G
               +--------+--------+--------+--------+--------+-----+--------+
         Total |   8687 |   8398 |    289 |   1398 |   5430 |  10 |  868.7 |
       Dungeon |   7980 |   7691 |    289 |   1398 |   5035 |   8 |  997.5 |
         Sewer |    412 |    412 |      0 |      0 |    275 |   1 |  412.0 |
       Ossuary |    294 |    294 |      0 |      0 |    120 |   1 |  294.0 |
               +--------+--------+--------+--------+--------+-----+--------+

Top non-repeatable levels by time:
     D:7: 1408 daAuts
     D:4: 1369 daAuts
     D:6: 1191 daAuts
     D:5: 1132 daAuts
     D:3: 1050 daAuts
     D:2: 866 daAuts
     D:1: 589 daAuts
   Sewer: 412 daAuts
     D:8: 370 daAuts
 Ossuary: 294 daAuts
